Map: Catalyst LE

Players

MrNovember

  • Race: Zerg Zerg
  • League: Master
  • Spawn Location: 5:00

Thetawaves - Winner!

  • Race: Protoss Protoss
  • League: Master
  • Spawn Location: 11:00

VOD

Have the link to the VOD?

Description

example to help someone

Time

  • Played on: April 17, 2018, 9:54 p.m.
  • Length: 6:36
Show
View Real Time Build Order
Export as new Build Order

MrNovember Zerg 

Build Orders: Hatch First, Zergling Baneling 

Get SALT Encoding   

  12  0:00  Drone  
  13  0:13  Overlord  
  13  0:16  Drone  
  14  0:31  Drone x2  
  16  0:51  Hatchery  
  16  0:52  Drone  
  16  0:56  Drone  
  17  1:01  Drone  
  18  1:12  Extractor  
  18  1:16  Spawning Pool  
  18  1:18  Drone  
  17  1:22  Drone  
  18  1:29  Drone  
  19  1:41  Drone  
  20  1:51  Drone  
  21  2:00  Hatchery  
  20  2:04  Queen  
  22  2:10  Drone x2  
  24  2:17  Metabolic Boost  
  24  2:21  Drone  
  25  2:26  Drone  
  25  2:29  Overlord  
  26  2:37  Queen  
  28  2:48  Zergling x4  
  28  2:49  Zergling x2  
  28  2:50  Drone  
  28  2:51  Drone  
  33  2:57  Pneumatized Carapace  
  34  2:58  Drone  
  34  3:06  Overlord  
  34  3:09  Drone  
  35  3:14  Queen  
  35  3:17  Drone  
  38  3:21  Drone  
  38  3:22  Drone  
  40  3:30  Zergling x6, Baneling Nest  
  42  3:38  Zergling x8  
  46  3:55  Zergling x8  
  50  3:59  Spine Crawler  
  49  4:04  Zergling x2, Spine Crawler  
  49  4:05  Zergling x2  
  49  4:07  Overlord x2  
  50  4:14  Evolution Chamber, Baneling x2  
  49  4:27  Drone  
  49  4:30  Zergling x14  
  57  4:37  Baneling  
  57  4:38  Baneling x5  
  57  4:41  Zergling x4  
  59  4:48  Queen  
  61  4:58  Overlord  
  61  4:59  Zergling x6  
  64  5:06  Zergling x6  
  57  5:16  Zergling x2  
  57  5:18  Zergling x2  
  57  5:20  Zergling x10  
  55  5:23  Zergling x2  
  55  5:24  Baneling x3  
  52  5:28  Zergling x2  
  52  5:31  Zergling x2  
  42  5:36  Zergling x2  
  42  5:37  Zergling x2  
  42  5:42  Zergling x2  
  35  5:45  Zergling x2  
  35  5:48  Zergling x2  
  32  5:56  Zergling x2, Baneling x2  
  32  5:57  Zergling x2  
  32  6:00  Zergling x2  
  32  6:03  Zergling x2  
  32  6:09  Zergling x2  
  27  6:11  Zergling x2  
  27  6:12  Zergling x2  
  27  6:15  Zergling x2  
Show
View Real Time Build Order
Export as new Build Order

Thetawaves Protoss - Winner!

Build Orders:  

Get SALT Encoding   

  12  0:00  Probe  
  13  0:12  Probe  
  14  0:19  Pylon  
  14  0:26  Assimilator  
  14  0:29  Probe  
  15  0:41  Gateway  
  15  0:45  Probe  
  16  0:57  Probe  
  17  1:05  Forge  
  17  1:09  Probe  
  18  1:22  Probe  
  19  1:28  Cybernetics Core  
  19  1:33  Pylon  
  20  1:40  Zealot  
  20  1:45  Protoss Ground Weapons Level 1  
  21  2:04  Robotics Facility  
  21  2:08  Zealot  
  23  2:22  Warp Gate  
  23  2:34  Pylon  
  23  2:35  Zealot  
  25  2:40  Warp Prism  
  27  2:59  Gateway  
  27  3:01  Gateway  
  27  3:05  Immortal  
  31  3:27  Gateway  
  31  3:36  Immortal  
  35  3:54  Pylon  
  35  3:59  Probe  
  36  4:11  Photon Cannon  
  36  4:12  Pylon  
  36  4:26  Zealot  
  36  4:27  Zealot x2  
  36  4:30  Sentry  
  44  4:54  Zealot x3  
  50  5:00  Pylon  
  50  5:15  Zealot x2  
  50  5:17  Zealot  
  50  5:30  Zealot  
  44  5:35  Zealot  
  44  5:42  Zealot  
  39  5:45  Sentry  
  39  5:52  Zealot  
  37  6:06  Zealot x2  
  41  6:12  Zealot  
  41  6:13  Sentry  
  45  6:28  Zealot x2  
Tags
 
Add a new tag
Caveats
  • Supply blocks, unpowered buildings, or Contaminate may cause inaccurate times.
  • Supply counts are checked every 10 seconds.